 Dungeon Crawl Stone Soup version 0.29.1-1-gd02db6906a (webtiles) character file.

Game seed: 13835981337964672757

141 hawla the Conjurer (level 5, -2/40 HPs)
             Began as a Draconian Conjurer on Sept 21, 2022.
             Slain by a wyvern (8 damage)
             ... on level 4 of the Dungeon.
             The game lasted 00:08:35 (3778 turns).

hawla the Conjurer (Draconian Conjurer)             Turns: 3778, Time: 00:08:36

Health: -2/40      AC:  5    Str:  9    XL:     5   Next: 3%
Magic:  0/9        EV: 12    Int: 22    God:
Gold:   133        SH:  0    Dex: 10    Spells: 6/9 levels left

rFire   . . .      SeeInvis +   f - +4 short sword of Buwkek {flame, rElec Int+2 SInv}
rCold   . . .      Faith    .   (no shield)
rNeg    . . .      Spirit   .   (body armour unavailable)
rPois   .          Reflect  .   (helmet restricted)
rElec   +          Harm     .   (no cloak)
rCorr   .          Rampage  .   (no gloves)
Will    .....                   (no boots)
Stlth   ++........              (no amulet)
HPRegen 0.13/turn               d - ring of flight
MPRegen 0.11/turn               (no ring)

@: flying, very slightly contaminated
A: AC +5, unfitting armour, cold-blooded
a: no special abilities


You were on level 4 of the Dungeon.
You visited 1 branch of the dungeon, and saw 4 of its levels.

You collected 133 gold pieces.

Inventory:

Hand Weapons
 f - the +4 short sword of Buwkek (weapon) {flame, rElec Int+2 SInv}
   (You found it on level 3 of the Dungeon)

   It burns those it strikes, dealing additional fire damage.
   Int:       It affects your intelligence (+2).
   rElec:     It insulates you from electricity.
   SInv:      It lets you see invisible.
Missiles
 b - 7 boomerangs (quivered)
Jewellery
 d - a ring of flight (left hand)
 i - a ring of protection from fire
Scrolls
 c - a scroll of identify
 g - 2 scrolls of magic mapping
 j - a scroll of fog
 k - a scroll of amnesia {unknown}
Potions
 a - 7 potions of magic
 e - a potion of flight
 h - a potion of heal wounds {unknown}


   Skills:
 + Level 1.2 Fighting
 + Level 2.3 Dodging
 + Level 2.4 Stealth
 + Level 2.8 Spellcasting
 + Level 5.1 Conjurations


You had 6 spell levels left.
You knew the following spells:

 Your Spells              Type           Power      Damage    Failure   Level
a - Magic Dart            Conj           100%       1d8       1%          1
b - Searing Ray           Conj           50%        2d6       2%          2

Your spell library contained the following spells:

 Spells                   Type           Power      Damage    Failure   Level
 Static Discharge         Conj/Air       14%        3-5/arc   7%          2
 Necrotise                Necr           12%        1d4       13%         1
 Dazzling Flash           Conj/Hex       28%        N/A       13%         3
 Blink                    Tloc           6%         N/A       19%         2
 Ozocubu's Armour         Ice            3%         N/A       36%         3
 Vampiric Draining        Necr           3%         2d6       36%         3
 Fulminant Prism          Conj/Hex       7%         3d7       41%         4
 Iskenderun's Mystic Bla  Conj/Tloc      14%        2d5       41%         4
 Sticky Flame             Conj/Fire      14%        2d4       41%         4
 Dispel Undead            Necr           3%         3d7       77%         4
 Agony                    Necr           3%         N/A       98%         5
 Manifold Assault         Tloc           3%         N/A       98%         5
 Metabolic Englaciation   Hex/Ice        1%         N/A       98%         5
 Simulacrum               Ice/Necr       1%         N/A       100%        6
 Storm Form               Tmut/Air       1%         N/A       100%        7


Dungeon Overview and Level Annotations

Branches:
Dungeon (4/15)
 Temple: D:4-7

Altars:

Shops:
D:3 !


Innate Abilities, Weirdness & Mutations

Your plain brown scales are hard. (AC +5)
You cannot fit into any form of body armour.
You are cold-blooded and may be slowed by cold attacks.


Message History

Unknown command.
Casting: Searing Ray (safe; 2% risk of failure)
Confirm with . or Enter, or press ? or * to list all spells.
Aiming: Searing Ray (safe; 2% risk of failure)
Press: ? - help, Shift-Dir - straight line, f/p - wyvern
Aim: a wyvern (79% to hit)
The searing ray hits the wyvern but does no damage. (Press . to maintain the ray.)
The searing ray hits the wyvern.
The wyvern is lightly wounded.
The wyvern completely misses you. The wyvern barely misses you.
The searing ray hits the wyvern.
The wyvern is moderately wounded.
The wyvern completely misses you.
The searing ray misses the wyvern.
You finish channelling your searing ray.
The wyvern misses you. x2
You closely miss the wyvern.
The wyvern is moderately wounded.
The wyvern misses you.
You hit the wyvern. You burn the wyvern.
The wyvern is severely wounded.
The wyvern bites you! The wyvern barely misses you.
Casting: Searing Ray (safe; 2% risk of failure)
Confirm with . or Enter, or press ? or * to list all spells.
Aiming: Searing Ray (safe; 2% risk of failure)
Press: ? - help, Shift-Dir - straight line, f/p - wyvern
Aim: a wyvern (severely wounded, 79% to hit)
You miscast Searing Ray.
You are very lightly contaminated with residual magic.
Nothing appears to happen.
The wyvern bites you.
Unknown command.
You hit the wyvern. You burn the wyvern.
The wyvern is severely wounded.
The wyvern closely misses you. The wyvern bites you!
* * * LOW HITPOINT WARNING * * *
It was a potion of flight.
You feel more buoyant. The wyvern bites you!
You die...

#........#.....
#........#....).
................ ..
#......(.........# .#.
.............#...# ..#.
#.........####.## #.#.
##../.......#...###....
.#.......)..........#.#.
.......l@.##.........)...
.....................#.#.
..........[.###....#.....
.........##.##.....###.#.
...#####...........##..<.
... #....###....###.#. ..
#......# ##....#....
........# #....##†#†
##.....>! ..........


You could see a wyvern.

Vanquished Creatures
  3 gnolls (D:3)
  5 adders
  A worm (D:2)
  2 dart slugs
  An orc (D:3)
  5 ball pythons
  8 endoplasms
  A giant cockroach (D:1)
  8 goblins
  6 hobgoblins
  4 jackals (D:1)
  2 kobolds
  3 quokkas (D:1)
  2 bats
  4 frilled lizards
  5 rats
60 creatures vanquished.

Notes
Turn   | Place    | Note
-------+----------+-------------------------------------------
     0 | D:1      | hawla the Draconian Conjurer began the quest for the Orb.
     0 | D:1      | Reached XP level 1. HP: 14/14 MP: 3/3
   233 | D:1      | Reached XP level 2. HP: 6/20 MP: 0/5
   512 | D:1      | Learned a level 2 spell: Searing Ray
  1163 | D:1      | Reached XP level 3. HP: 26/26 MP: 1/6
  1332 | D:1      | Found a faded altar of an unknown god.
  2165 | D:2      | Reached skill level 5 in Conjurations
  2449 | D:3      | Reached skill level 1 in Fighting
  2449 | D:3      | Reached XP level 4. HP: 35/35 MP: 4/7
  2866 | D:3      | Identified the +4 short sword of Buwkek {flame, rElec Int+2
                  | SInv}
  3441 | D:3      | Found Notea's Distillery.
  3671 | D:4      | Reached XP level 5. HP: 40/40 MP: 4/9
  3766 | D:4      | Noticed a wyvern
  3778 | D:4      | Slain by a wyvern

Illustrated notes

Levels and vault maps discovered:
D:1:      evilmike_arrival_rings, layout_loops_ring,
          ebering_ecumenical_altar_sacrificial, hangedman_glass_teeth,
          minmay_misc_feat_more_columns
D:2:      layout_loops_ring
D:3:      layout_loops_corners, serial_shops, shop, hex_medium
D:4:      layout_cave_pools, st_stairs_11, minmay_pentomino_pile, uniq_natasha

Skill      XL: |  1  2  3 |
---------------+----------+-----
Dodging        | 2 |  2.3
Stealth        | 2 |  2.4
Conjurations   | 5 |  5.1
Fighting       | 1 |  1.2
Spellcasting   | |  2.8

Action                   |  1- 3 |  4- 6 || total
-------------------------+-------+-------++-------
Melee: Unarmed           |    37 |       ||    37
       Tailslap          |     4 |     2 ||     6
       Short sword       |       |    13 ||    13
Throw: Boomerang         |     3 |       ||     3
 Cast: Magic Dart        |    46 |    14 ||    60
       Searing Ray       |    17 |    11 ||    28
  Use: Scroll            |     6 |       ||     6
       Potion            |       |     1 ||     1
 Stab: Sleeping          |     2 |       ||     2
Armor: Skin              |     8 |       ||     8
Dodge: Dodged            |    42 |    13 ||    55
